[ AOE2 MATCH · #487548963 ]
UnrankedHindustanis vs Malians
[ REPLAY ANALYSIS · EXTRACTED FROM THE RECORDED GAME ]
Feudal
8:52
Castle
20:23
Imperial
—
| APM avg | 41.7 |
| APM peak | 81 |
| eAPM avg | 24.2 |
| Villagers / military | 236 / 99 |
Focus
⚔️ 24.0% · 🌾 76.0%
Camel Scout ×86 · Scout Cavalry ×13
Feudal
9:06
Castle
22:55
Imperial
—
| APM avg | 48.4 |
| APM peak | 79 |
| eAPM avg | 26.7 |
| Villagers / military | 89 / 75 |
Focus
⚔️ 34.6% · 🌾 65.4%
Archer ×49 · Hand Cannoneer ×19 · Mangonel ×4 · Spearman ×2 · Battering Ram ×1
Feudal
10:39
Castle
—
Imperial
—
| APM avg | 19.8 |
| APM peak | 79 |
| eAPM avg | 12.2 |
| Villagers / military | 66 / 18 |
Focus
⚔️ 22.3% · 🌾 77.7%
Militia ×9 · Spearman ×9
Feudal
10:06
Castle
24:11
Imperial
—
| APM avg | 39.0 |
| APM peak | 88 |
| eAPM avg | 20.8 |
| Villagers / military | 91 / 50 |
Focus
⚔️ 48.6% · 🌾 51.4%
Knight ×35 · Scout Cavalry ×15
Feudal
10:09
Castle
25:28
Imperial
—
| APM avg | 30.2 |
| APM peak | 82 |
| eAPM avg | 14.3 |
| Villagers / military | 70 / 33 |
Focus
⚔️ 19.4% · 🌾 80.6%
Knight ×16 · Scout Cavalry ×11 · Spearman ×4 · Demolition Raft ×2
Feudal
9:16
Castle
29:08
Imperial
—
| APM avg | 54.1 |
| APM peak | 98 |
| eAPM avg | 17.6 |
| Villagers / military | 62 / 96 |
Focus
⚔️ 44.4% · 🌾 55.6%
Steppe Lancer ×50 · Scout Cavalry ×37 · Spearman ×8 · Militia ×1
Feudal
8:51
Castle
20:46
Imperial
—
| APM avg | 124.5 |
| APM peak | 225 |
| eAPM avg | 81.8 |
| Villagers / military | 140 / 81 |
Focus
⚔️ 75.3% · 🌾 24.7%
Archer ×71 · Skirmisher ×10 · Unknown (1968) ×2
Feudal
11:26
Castle
15:21
Imperial
—
| APM avg | 56.3 |
| APM peak | 129 |
| eAPM avg | 27.6 |
| Villagers / military | 114 / 89 |
Focus
⚔️ 50.3% · 🌾 49.7%
Archer ×89
Match map
Initial resources + every placement click. Lines = walls · curves = elevation contours. ◆ gold · ⬟ stone · ● berries · ✦ relic · ◌ wall gap
Your base· Open — unwalled flank
chambritas's base· Open — 6t gap
RIBBEN's base· Open — unwalled flank
skynet3397's base· Open — unwalled flank
Elite Rizz Master's base· ✓ Closed at 25:28 · 16t walls · 4 gate(s)
Bohnski's base· Open — unwalled flank
VIT | Hera's base· Open — unwalled flank
Rex Caedis's base· Open — 4t gap
Smoothed initial terrain · ◌ = detected wall gap · hover for details
Inputs per minute
— Vpnenjoyer - - chambritas
Build order — Vpnenjoyer
First 150 of 361 actions detected
| 0:02 | Create | Villager (Male) |
| 0:02 | Create | Villager (Male) |
| 0:03 | Create | Villager (Male) |
| 0:07 | Build | House |
| 0:10 | Build | House |
| 0:21 | Create | Villager (Male) |
| 0:21 | Create | Villager (Male) |
| 1:14 | Build | House |
| 1:16 | Create | Villager (Male) |
| 1:28 | Build | Lumber Camp |
| 1:45 | Create | Villager (Male) |
| 2:19 | Create | Villager (Male) |
| 2:57 | Create | Villager (Male) |
| 3:02 | Create | Villager (Male) |
| 3:34 | Build | House |
| 3:40 | Create | Villager (Male) |
| 3:46 | Create | Villager (Male) |
| 4:31 | Create | Villager (Male) |
| 4:58 | Create | Villager (Male) |
| 5:04 | Create | Villager (Male) |
| 5:10 | Create | Villager (Male) |
| 5:19 | Build | Mill |
| 5:28 | Create | Villager (Male) |
| 6:16 | Research | Loom |
| 6:39 | Research | Feudal Age |
| 6:39 | Research | Feudal Age |
| 7:57 | Build | Barracks |
| 8:24 | Create | Villager (Male) |
| 8:52 | Age | Feudal Age |
| 8:54 | Build | Stable |
| 9:00 | Research | Double-Bit Axe |
| 9:00 | Research | Double-Bit Axe |
| 9:01 | Create | Villager (Male) |
| 9:06 | Research | Loom |
| 9:07 | Research | Loom |
| 9:19 | Build | House |
| 9:20 | Build | House |
| 9:26 | Create | Villager (Male) |
| 9:32 | Create | Scout Cavalry |
| 9:33 | Create | Scout Cavalry |
| 9:33 | Create | Scout Cavalry |
| 9:47 | Create | Villager (Male) |
| 9:49 | Research | Horse Collar |
| 9:56 | Build | House |
| 10:10 | Build | Farm |
| 10:19 | Build | Farm |
| 10:21 | Create | Villager (Male) |
| 10:32 | Create | Scout Cavalry |
| 10:33 | Create | Scout Cavalry |
| 10:42 | Build | Farm |
| 10:50 | Create | Villager (Male) |
| 10:53 | Build | Farm |
| 11:12 | Build | Farm |
| 11:13 | Create | Villager (Male) |
| 11:20 | Create | Scout Cavalry |
| 11:20 | Create | Scout Cavalry |
| 11:25 | Create | Villager (Male) |
| 11:28 | Build | Farm |
| 11:40 | Build | House |
| 11:53 | Create | Villager (Male) |
| 12:10 | Create | Villager (Male) |
| 12:12 | Build | Blacksmith |
| 12:19 | Create | Villager (Male) |
| 12:28 | Create | Villager (Male) |
| 12:31 | Create | Villager (Male) |
| 12:38 | Build | Lumber Camp |
| 12:56 | Create | Villager (Male) |
| 13:21 | Create | Villager (Male) |
| 13:27 | Build | Farm |
| 13:28 | Build | Farm |
| 13:34 | Create | Scout Cavalry |
| 13:35 | Create | Scout Cavalry |
| 13:38 | Create | Villager (Male) |
| 13:39 | Build | Farm |
| 13:50 | Create | Scout Cavalry |
| 14:00 | Create | Villager (Male) |
| 14:04 | Build | Farm |
| 14:10 | Create | Villager (Male) |
| 14:13 | Build | Farm |
| 14:27 | Create | Villager (Male) |
| 14:33 | Build | Farm |
| 14:40 | Build | Farm |
| 15:01 | Research | Forging |
| 15:01 | Research | Forging |
| 15:11 | Create | Villager (Male) |
| 15:13 | Build | Farm |
| 15:17 | Build | Farm |
| 15:22 | Create | Villager (Male) |
| 15:26 | Build | Farm |
| 15:29 | Create | Villager (Male) |
| 15:41 | Research | Wheelbarrow |
| 15:42 | Research | Wheelbarrow |
| 15:54 | Build | Mining Camp |
| 16:07 | Build | House |
| 16:08 | Build | House |
| 17:16 | Create | Villager (Male) |
| 17:19 | Create | Villager (Male) |
| 17:32 | Create | Villager (Male) |
| 17:42 | Research | Castle Age |
| 17:43 | Research | Castle Age |
| 18:06 | Build | Lumber Camp |
| 18:17 | Build | Stable |
| 18:21 | Research | Bloodlines |
| 18:22 | Research | Bloodlines |
| 18:29 | Research | Scale Barding Armor |
| 18:29 | Research | Scale Barding Armor |
| 18:38 | Build | Farm |
| 18:43 | Build | House |
| 18:45 | Build | House |
| 20:04 | Build | House |
| 20:14 | Create | Villager (Male) |
| 20:23 | Age | Castle Age |
| 20:30 | Research | Chain Barding Armor |
| 20:32 | Research | Husbandry |
| 20:32 | Research | Husbandry |
| 20:33 | Create | Camel Scout |
| 20:33 | Create | Camel Scout |
| 20:33 | Create | Camel Scout |
| 20:57 | Create | Villager (Male) |
| 21:04 | Build | Town Center |
| 21:10 | Build | Town Center |
| 21:11 | Create | Villager (Male) |
| 21:17 | Create | Camel Scout |
| 21:17 | Create | Camel Scout |
| 21:17 | Create | Camel Scout |
| 21:23 | Create | Villager (Male) |
| 21:46 | Create | Villager (Male) |
| 21:50 | Create | Scout Cavalry |
| 21:56 | Research | Gold Mining |
| 21:56 | Research | Gold Mining |
| 21:59 | Create | Villager (Male) |
| 22:04 | Create | Villager (Male) |
| 22:08 | Create | Villager (Male) |
| 22:10 | Research | Town Watch |
| 22:11 | Create | Villager (Male) ×5 |
| 22:11 | Create | Villager (Male) ×5 |
| 22:18 | Create | Camel Scout |
| 22:18 | Create | Camel Scout |
| 22:20 | Build | Farm |
| 22:31 | Research | Bow Saw |
| 22:31 | Research | Bow Saw |
| 22:36 | Build | Palisade Wall |
| 22:47 | Create | Camel Scout |
| 22:47 | Create | Camel Scout |
| 22:57 | Create | Camel Scout |
| 23:07 | Build | House |
| 23:42 | Create | Camel Scout ×4 |
| 23:42 | Create | Camel Scout ×4 |
| 23:45 | Create | Villager (Male) |
| 23:45 | Create | Villager (Male) |
Build order — chambritas
First 150 of 312 actions detected
| 0:02 | Create | Villager (Male) |
| 0:03 | Build | House |
| 0:05 | Build | House |
| 0:05 | Create | Villager (Male) |
| 0:11 | Create | Villager (Male) |
| 0:12 | Create | Villager (Male) |
| 1:37 | Create | Villager (Male) |
| 2:07 | Create | Villager (Male) |
| 2:07 | Create | Villager (Male) |
| 2:33 | Create | Villager (Male) |
| 2:33 | Create | Villager (Male) |
| 3:00 | Create | Villager (Male) |
| 3:25 | Create | Villager (Male) |
| 3:25 | Create | Villager (Male) |
| 3:33 | Build | Lumber Camp |
| 3:44 | Build | House |
| 3:54 | Create | Villager (Male) |
| 4:21 | Create | Villager (Male) |
| 4:21 | Create | Villager (Male) |
| 4:21 | Create | Villager (Male) |
| 4:58 | Build | Mining Camp |
| 5:04 | Create | Villager (Male) |
| 5:41 | Create | Villager (Male) |
| 6:05 | Create | Villager (Male) |
| 6:19 | Research | Loom |
| 6:19 | Research | Loom |
| 6:52 | Research | Feudal Age |
| 6:52 | Research | Feudal Age |
| 7:14 | Build | Palisade Wall |
| 7:44 | Create | Villager (Male) |
| 7:49 | Build | Barracks |
| 8:17 | Create | Villager (Male) |
| 8:20 | Build | House |
| 8:32 | Create | Villager (Male) |
| 9:06 | Age | Feudal Age |
| 9:08 | Build | Archery Range |
| 9:26 | Build | Archery Range |
| 9:36 | Create | Villager (Male) |
| 9:52 | Build | House |
| 9:55 | Build | House |
| 10:00 | Create | Villager (Male) |
| 10:01 | Create | Archer |
| 10:20 | Create | Archer |
| 10:21 | Create | Archer |
| 10:32 | Create | Archer |
| 10:37 | Build | House |
| 10:48 | Create | Villager (Male) |
| 10:52 | Build | Blacksmith |
| 11:01 | Create | Villager (Male) |
| 11:06 | Create | Archer |
| 11:06 | Create | Archer |
| 11:16 | Create | Villager (Male) |
| 11:23 | Create | Villager (Male) |
| 11:31 | Create | Archer |
| 11:33 | Build | House |
| 11:40 | Research | Fletching |
| 11:40 | Research | Fletching |
| 12:13 | Create | Villager (Male) |
| 12:20 | Build | Mill |
| 12:21 | Create | Archer |
| 12:23 | Create | Archer |
| 12:27 | Build | House |
| 12:40 | Build | Lumber Camp |
| 12:52 | Create | Archer |
| 13:02 | Build | House |
| 13:06 | Create | Archer |
| 13:15 | Create | Villager (Male) |
| 13:21 | Create | Spearman |
| 13:25 | Build | House |
| 13:35 | Create | Archer |
| 14:03 | Create | Archer |
| 14:05 | Create | Villager (Male) |
| 14:08 | Build | Mill |
| 14:11 | Create | Archer |
| 14:11 | Create | Archer |
| 14:26 | Create | Archer |
| 14:27 | Create | Archer |
| 14:32 | Create | Villager (Male) |
| 14:39 | Create | Archer |
| 14:47 | Build | Palisade Wall |
| 14:52 | Create | Archer |
| 14:59 | Create | Villager (Male) |
| 15:20 | Create | Villager (Male) |
| 15:27 | Create | Spearman |
| 15:32 | Create | Villager (Male) |
| 15:51 | Build | Farm |
| 15:52 | Build | Farm |
| 15:54 | Create | Villager (Male) |
| 16:09 | Build | House |
| 16:13 | Create | Archer |
| 16:20 | Research | Town Watch |
| 16:26 | Research | Wheelbarrow |
| 16:26 | Research | Wheelbarrow |
| 16:26 | Research | Wheelbarrow |
| 16:34 | Create | Villager (Male) |
| 16:52 | Build | Farm |
| 17:06 | Build | House |
| 17:24 | Create | Villager (Male) |
| 17:31 | Create | Villager (Male) |
| 17:49 | Create | Villager (Male) |
| 17:56 | Build | House |
| 18:04 | Build | Market |
| 18:10 | Build | House |
| 18:13 | Build | Farm |
| 18:15 | Build | Farm |
| 18:16 | Create | Archer |
| 18:16 | Create | Archer |
| 18:17 | Create | Villager (Male) |
| 18:20 | Create | Archer |
| 18:20 | Create | Archer |
| 18:31 | Build | Palisade Gate |
| 18:32 | Build | Palisade Wall |
| 18:38 | Build | Palisade Wall |
| 18:39 | Build | Palisade Wall |
| 18:40 | Build | Palisade Wall |
| 18:41 | Build | Palisade Wall |
| 18:42 | Build | Palisade Wall |
| 18:44 | Build | Palisade Wall |
| 18:46 | Build | Palisade Wall |
| 18:53 | Build | Palisade Wall |
| 18:54 | Build | Palisade Wall |
| 18:55 | Build | Palisade Wall |
| 18:56 | Build | Palisade Wall |
| 18:57 | Build | Palisade Wall |
| 18:58 | Create | Villager (Male) |
| 19:24 | Create | Archer |
| 19:24 | Create | Archer |
| 19:35 | Build | Mining Camp |
| 19:42 | Build | Farm |
| 19:52 | Build | Farm |
| 19:57 | Build | House |
| 20:13 | Build | Farm |
| 20:15 | Research | Castle Age |
| 20:16 | Research | Castle Age |
| 20:22 | Build | House |
| 20:23 | Create | Archer |
| 20:24 | Create | Archer |
| 20:30 | Research | Double-Bit Axe |
| 20:30 | Research | Double-Bit Axe |
| 20:36 | Create | Archer |
| 20:37 | Create | Archer |
| 20:51 | Build | Palisade Wall |
| 21:02 | Research | Horse Collar |
| 21:03 | Research | Horse Collar |
| 21:04 | Create | Archer |
| 21:04 | Create | Archer |
| 21:11 | Create | Archer |
| 21:11 | Create | Archer |
| 21:37 | Create | Archer |
| 21:45 | Build | Archery Range |
Build order — RIBBEN
First 150 of 165 actions detected
| 0:02 | Create | Villager (Male) |
| 0:02 | Create | Villager (Male) |
| 0:02 | Create | Villager (Male) |
| 0:05 | Build | House |
| 0:07 | Build | House |
| 0:13 | Research | Loom |
| 0:13 | Create | Villager (Male) |
| 0:14 | Create | Villager (Male) |
| 0:14 | Create | Villager (Male) |
| 0:14 | Create | Villager (Male) |
| 1:10 | Build | House |
| 1:12 | Build | House |
| 1:47 | Create | Villager (Male) |
| 2:30 | Create | Villager (Male) |
| 2:30 | Create | Villager (Male) |
| 2:53 | Create | Villager (Male) |
| 2:53 | Create | Villager (Male) |
| 3:12 | Create | Villager (Male) |
| 3:13 | Create | Villager (Male) |
| 3:28 | Build | Lumber Camp |
| 3:46 | Create | Villager (Male) |
| 3:48 | Create | Villager (Male) |
| 3:48 | Create | Villager (Male) |
| 4:28 | Create | Villager (Male) |
| 4:28 | Create | Villager (Male) |
| 5:00 | Create | Villager (Male) |
| 5:01 | Create | Villager (Male) |
| 5:22 | Create | Villager (Male) |
| 5:23 | Create | Villager (Male) |
| 6:09 | Create | Villager (Male) |
| 6:18 | Build | Barracks |
| 6:22 | Create | Villager (Male) |
| 6:47 | Create | Villager (Male) |
| 7:04 | Create | Villager (Male) |
| 7:08 | Create | Villager (Male) |
| 7:16 | Build | House |
| 7:19 | Build | House |
| 8:20 | Build | House |
| 8:29 | Research | Feudal Age |
| 8:47 | Create | Militia |
| 9:09 | Build | Palisade Wall |
| 9:18 | Create | Militia |
| 9:18 | Create | Militia |
| 9:43 | Create | Militia ×2 |
| 9:44 | Create | Militia ×2 |
| 10:00 | Create | Villager (Male) |
| 10:05 | Build | Palisade Wall |
| 10:11 | Build | Palisade Gate |
| 10:13 | Create | Militia |
| 10:13 | Create | Militia |
| 10:39 | Age | Feudal Age |
| 10:42 | Research | Man-at-Arms (upgrade) |
| 10:48 | Build | Blacksmith |
| 11:19 | Create | Villager (Male) |
| 11:20 | Create | Villager (Male) |
| 11:34 | Research | Scale Mail Armor |
| 11:43 | Build | House |
| 11:47 | Create | Villager (Male) |
| 11:47 | Create | Villager (Male) |
| 12:03 | Create | Villager (Male) |
| 12:08 | Build | Mill |
| 12:09 | Build | Mill |
| 12:19 | Build | House |
| 13:06 | Build | Palisade Wall |
| 13:08 | Create | Villager (Male) |
| 13:21 | Create | Spearman |
| 13:21 | Create | Spearman |
| 13:34 | Create | Villager (Male) |
| 13:34 | Create | Villager (Male) |
| 13:49 | Build | Palisade Wall |
| 13:54 | Create | Villager (Male) |
| 13:54 | Create | Villager (Male) |
| 14:01 | Create | Spearman |
| 14:11 | Create | Spearman |
| 14:33 | Create | Spearman |
| 14:36 | Create | Villager (Male) |
| 14:36 | Create | Villager (Male) |
| 14:45 | Build | Watch Tower |
| 14:56 | Create | Spearman |
| 15:38 | Create | Villager (Male) |
| 15:38 | Create | Villager (Male) |
| 16:46 | Create | Villager (Male) |
| 16:58 | Create | Villager (Male) |
| 16:58 | Create | Villager (Male) |
| 17:10 | Build | Lumber Camp |
| 17:20 | Create | Villager (Male) |
| 17:39 | Create | Villager (Male) |
| 18:09 | Build | Stone Wall |
| 18:16 | Create | Villager (Male) |
| 18:28 | Create | Villager (Male) |
| 18:32 | Create | Villager (Male) |
| 19:04 | Build | Stone Wall |
| 19:05 | Build | Stone Wall |
| 19:13 | Build | Stone Wall |
| 19:17 | Build | Gate |
| 19:18 | Build | Stone Wall |
| 19:23 | Create | Villager (Male) |
| 19:29 | Build | Watch Tower |
| 20:02 | Create | Villager (Male) |
| 20:03 | Create | Villager (Male) |
| 20:21 | Research | Horse Collar |
| 20:25 | Create | Villager (Male) |
| 20:48 | Build | Stone Wall |
| 20:51 | Create | Villager (Male) |
| 20:57 | Build | Farm |
| 20:58 | Build | Farm |
| 20:59 | Build | Farm |
| 21:00 | Build | Farm |
| 21:01 | Build | Farm |
| 21:02 | Build | Farm |
| 21:03 | Build | Farm |
| 21:04 | Build | Farm |
| 21:06 | Build | Farm |
| 21:22 | Build | Farm |
| 21:24 | Build | Farm |
| 21:24 | Build | Farm |
| 21:28 | Build | House |
| 21:33 | Build | House |
| 21:42 | Create | Villager (Male) |
| 22:04 | Build | Stone Wall |
| 22:05 | Create | Villager (Male) |
| 22:14 | Build | Farm |
| 22:15 | Build | Farm |
| 22:28 | Build | Farm |
| 22:35 | Build | House |
| 22:36 | Create | Villager (Male) |
| 22:37 | Create | Villager (Male) |
| 22:53 | Build | Stone Wall |
| 23:00 | Build | Gate |
| 23:03 | Build | Farm |
| 23:05 | Create | Villager (Male) |
| 23:18 | Build | House |
| 23:19 | Build | House |
| 23:28 | Research | Fletching |
| 23:31 | Create | Villager (Male) |
| 23:59 | Build | Watch Tower |
| 24:03 | Create | Villager (Male) |
| 24:06 | Build | Farm |
| 24:08 | Build | House |
| 24:09 | Build | House |
| 24:11 | Build | Stone Wall |
| 24:21 | Create | Villager (Male) |
| 24:37 | Create | Villager (Male) |
| 24:45 | Build | Farm |
| 24:51 | Create | Spearman |
| 24:52 | Create | Spearman |
| 24:52 | Create | Spearman |
| 25:04 | Build | Mining Camp |
| 25:17 | Create | Villager (Male) |
| 25:21 | Build | Farm |
Build order — skynet3397
First 150 of 269 actions detected
| 0:01 | Create | Villager (Male) |
| 0:03 | Build | House |
| 0:05 | Build | House |
| 0:12 | Create | Villager (Male) |
| 0:44 | Create | Villager (Male) |
| 0:55 | Create | Villager (Male) |
| 1:33 | Create | Villager (Male) |
| 1:46 | Build | House |
| 1:58 | Create | Villager (Male) |
| 2:05 | Build | Lumber Camp |
| 2:31 | Create | Villager (Male) |
| 2:31 | Create | Villager (Male) |
| 3:17 | Create | Villager (Male) |
| 3:20 | Build | Lumber Camp |
| 3:39 | Create | Villager (Male) |
| 3:52 | Create | Villager (Male) |
| 3:53 | Create | Villager (Male) |
| 4:14 | Create | Villager (Male) |
| 4:31 | Create | Villager (Male) |
| 4:35 | Create | Villager (Male) |
| 5:08 | Create | Villager (Male) |
| 5:35 | Build | Mill |
| 5:36 | Create | Villager (Male) |
| 5:54 | Create | Villager (Male) |
| 6:30 | Create | Villager (Male) |
| 6:38 | Build | Mill |
| 7:02 | Research | Loom |
| 7:49 | Research | Feudal Age |
| 8:05 | Build | House |
| 8:35 | Build | Barracks |
| 9:14 | Create | Villager (Male) |
| 9:54 | Build | House |
| 10:06 | Age | Feudal Age |
| 10:08 | Build | Stable |
| 10:15 | Create | Villager (Male) |
| 10:28 | Research | Double-Bit Axe |
| 10:36 | Create | Villager (Male) |
| 10:52 | Build | Palisade Wall |
| 10:54 | Create | Scout Cavalry |
| 10:54 | Create | Scout Cavalry |
| 11:01 | Build | Palisade Gate |
| 11:03 | Build | Palisade Wall |
| 11:07 | Build | Palisade Wall |
| 11:11 | Build | Palisade Wall |
| 11:19 | Create | Villager (Male) |
| 11:26 | Create | Scout Cavalry |
| 11:27 | Create | Villager (Male) |
| 11:42 | Create | Villager (Male) |
| 11:50 | Build | House |
| 12:07 | Create | Scout Cavalry |
| 12:08 | Create | Villager (Male) |
| 12:23 | Build | Blacksmith |
| 12:33 | Create | Villager (Male) |
| 12:34 | Create | Scout Cavalry |
| 12:54 | Build | Palisade Wall |
| 13:05 | Build | House |
| 13:06 | Create | Villager (Male) |
| 13:12 | Build | Palisade Gate |
| 13:17 | Create | Villager (Male) |
| 13:20 | Create | Scout Cavalry |
| 13:24 | Build | Palisade Wall |
| 13:25 | Build | Palisade Wall |
| 13:26 | Build | Palisade Wall |
| 13:27 | Build | Palisade Wall |
| 13:36 | Create | Scout Cavalry |
| 13:37 | Create | Villager (Male) |
| 13:42 | Research | Horse Collar |
| 14:08 | Create | Villager (Male) |
| 14:11 | Build | Farm |
| 14:13 | Build | Farm |
| 14:14 | Build | Farm |
| 14:16 | Build | Farm |
| 14:19 | Create | Villager (Male) |
| 14:22 | Build | Lumber Camp |
| 14:27 | Create | Scout Cavalry |
| 14:37 | Build | Farm |
| 14:40 | Build | Farm |
| 14:42 | Build | Farm |
| 14:49 | Create | Villager (Male) |
| 14:49 | Create | Scout Cavalry |
| 15:30 | Build | House |
| 15:32 | Create | Scout Cavalry |
| 16:00 | Create | Scout Cavalry |
| 16:04 | Create | Villager (Male) |
| 16:17 | Build | Palisade Wall |
| 16:18 | Build | Palisade Wall |
| 16:20 | Build | Palisade Wall |
| 16:21 | Build | Palisade Wall |
| 16:23 | Build | Palisade Wall |
| 16:25 | Build | Palisade Wall |
| 16:25 | Build | Palisade Wall |
| 16:35 | Create | Villager (Male) |
| 16:45 | Create | Scout Cavalry |
| 16:45 | Create | Villager (Male) |
| 16:51 | Research | Scale Barding Armor |
| 16:51 | Research | Scale Barding Armor |
| 17:08 | Create | Scout Cavalry |
| 17:08 | Create | Villager (Male) |
| 17:15 | Build | Lumber Camp |
| 17:19 | Build | House |
| 17:32 | Build | Lumber Camp |
| 17:50 | Build | Mining Camp |
| 17:55 | Build | Farm |
| 17:56 | Create | Villager (Male) |
| 18:00 | Build | Farm |
| 18:02 | Create | Scout Cavalry |
| 18:02 | Create | Scout Cavalry |
| 18:03 | Create | Villager (Male) |
| 18:18 | Create | Villager (Male) |
| 18:26 | Build | Palisade Wall |
| 18:29 | Build | Palisade Wall |
| 18:30 | Build | Palisade Wall |
| 18:32 | Build | Palisade Wall |
| 18:49 | Build | Farm |
| 18:51 | Build | Farm |
| 18:53 | Build | Farm |
| 18:55 | Build | House |
| 18:59 | Build | Palisade Wall |
| 19:00 | Build | Palisade Wall |
| 19:04 | Build | Palisade Wall |
| 19:12 | Create | Villager (Male) |
| 19:15 | Build | Farm |
| 19:19 | Build | Farm |
| 19:19 | Build | Farm |
| 19:30 | Build | Palisade Wall |
| 19:38 | Build | Palisade Wall |
| 19:40 | Create | Villager (Male) |
| 19:43 | Build | Farm |
| 19:47 | Build | Farm |
| 19:59 | Create | Villager (Male) |
| 20:03 | Build | Farm |
| 20:05 | Build | Farm |
| 20:08 | Build | Farm |
| 20:25 | Create | Villager (Male) |
| 20:28 | Build | Farm |
| 20:50 | Create | Villager (Male) |
| 21:07 | Build | Farm |
| 21:10 | Build | Farm |
| 21:31 | Research | Castle Age |
| 21:50 | Build | Stable |
| 22:12 | Research | Gold Mining |
| 22:21 | Research | Forging |
| 23:07 | Build | Farm |
| 24:11 | Age | Castle Age |
| 24:14 | Create | Villager (Male) |
| 24:15 | Create | Knight |
| 24:15 | Create | Knight |
| 24:28 | Research | Bow Saw |
| 24:37 | Build | Town Center |
| 24:41 | Create | Knight |
Build order — Elite Rizz Master
First 150 of 169 actions detected
| 0:01 | Create | Villager (Male) |
| 0:01 | Create | Villager (Male) |
| 0:01 | Create | Villager (Male) |
| 0:02 | Build | House |
| 0:04 | Build | House |
| 0:14 | Create | Villager (Male) |
| 1:23 | Create | Villager (Male) |
| 2:00 | Create | Villager (Male) |
| 2:22 | Create | Villager (Male) |
| 2:22 | Create | Villager (Male) |
| 2:42 | Create | Villager (Male) |
| 2:42 | Create | Villager (Male) |
| 3:10 | Build | House |
| 3:15 | Build | Palisade Wall |
| 3:16 | Build | Palisade Wall |
| 3:24 | Create | Villager (Male) |
| 3:36 | Create | Villager (Male) |
| 3:36 | Create | Villager (Male) |
| 3:36 | Create | Villager (Male) |
| 3:37 | Create | Villager (Male) |
| 4:35 | Create | Villager (Male) |
| 4:35 | Create | Villager (Male) |
| 4:44 | Build | House |
| 4:47 | Create | Villager (Male) |
| 5:08 | Create | Villager (Male) |
| 5:37 | Create | Villager (Male) |
| 5:42 | Create | Villager (Male) |
| 6:24 | Build | Mill |
| 7:05 | Create | Villager (Male) |
| 7:18 | Build | Barracks |
| 7:26 | Research | Loom |
| 7:31 | Build | Palisade Gate |
| 7:37 | Build | Palisade Wall |
| 7:53 | Research | Feudal Age |
| 8:28 | Build | Palisade Wall |
| 9:33 | Build | Lumber Camp |
| 9:41 | Create | Villager (Male) |
| 10:00 | Build | Palisade Wall |
| 10:00 | Build | Palisade Wall |
| 10:02 | Build | Palisade Wall |
| 10:09 | Age | Feudal Age |
| 10:23 | Create | Villager (Male) |
| 10:48 | Build | Stable |
| 10:56 | Create | Villager (Male) |
| 11:06 | Build | Palisade Wall |
| 11:09 | Build | House |
| 11:15 | Create | Villager (Male) |
| 11:23 | Create | Scout Cavalry |
| 11:24 | Create | Scout Cavalry |
| 11:28 | Build | House |
| 11:46 | Build | House |
| 11:52 | Create | Scout Cavalry |
| 11:58 | Create | Villager (Male) |
| 12:02 | Build | Mill |
| 12:07 | Create | Scout Cavalry |
| 12:19 | Build | Watch Tower |
| 12:35 | Build | Palisade Gate |
| 12:45 | Create | Villager (Male) |
| 12:45 | Create | Scout Cavalry |
| 13:14 | Create | Villager (Male) |
| 13:22 | Create | Scout Cavalry |
| 13:26 | Build | Stable |
| 13:31 | Create | Villager (Male) |
| 13:39 | Create | Villager (Male) |
| 13:45 | Create | Villager (Male) |
| 13:54 | Build | House |
| 14:02 | Create | Villager (Male) |
| 14:06 | Create | Scout Cavalry |
| 14:06 | Create | Scout Cavalry |
| 14:24 | Create | Scout Cavalry |
| 14:38 | Build | Blacksmith |
| 14:40 | Create | Villager (Male) |
| 14:45 | Create | Scout Cavalry |
| 14:45 | Create | Scout Cavalry |
| 15:03 | Create | Villager (Male) |
| 15:33 | Create | Villager (Male) |
| 15:36 | Create | Spearman |
| 15:48 | Build | Farm |
| 15:48 | Build | Farm |
| 15:49 | Build | Farm |
| 16:13 | Create | Villager (Male) |
| 16:17 | Build | House |
| 16:19 | Build | House |
| 17:27 | Create | Villager (Male) |
| 17:31 | Build | Farm |
| 17:31 | Build | Farm |
| 17:31 | Build | Farm |
| 17:32 | Create | Villager (Male) |
| 17:54 | Create | Villager (Male) |
| 17:58 | Build | Farm |
| 17:58 | Build | Farm |
| 17:58 | Build | Farm |
| 17:58 | Build | Farm |
| 17:59 | Build | Farm |
| 18:26 | Create | Villager (Male) |
| 19:14 | Create | Villager (Male) |
| 19:41 | Build | Lumber Camp |
| 20:14 | Build | Mining Camp |
| 20:40 | Build | Farm |
| 20:49 | Create | Villager (Male) |
| 20:54 | Build | Farm |
| 21:06 | Research | Double-Bit Axe |
| 21:28 | Build | Gate |
| 21:39 | Create | Villager (Male) |
| 22:26 | Build | Market |
| 22:28 | Build | House |
| 22:35 | Build | House |
| 22:46 | Build | Stable |
| 22:48 | Research | Castle Age |
| 22:52 | Build | House |
| 22:57 | Build | Palisade Gate |
| 23:07 | Build | Gate |
| 23:12 | Build | House |
| 23:52 | Research | Scale Barding Armor |
| 23:57 | Build | House |
| 23:59 | Build | House |
| 24:21 | Build | Farm |
| 24:26 | Build | Farm |
| 24:27 | Build | Farm |
| 24:28 | Build | Farm |
| 24:40 | Build | House |
| 24:59 | Create | Spearman |
| 25:28 | Age | Castle Age |
| 25:33 | Create | Knight ×5 |
| 25:33 | Create | Knight ×5 |
| 25:33 | Create | Knight ×2 |
| 25:44 | Build | Town Center |
| 25:46 | Build | House |
| 25:54 | Build | House |
| 25:57 | Build | Palisade Wall |
| 26:51 | Create | Villager (Male) |
| 26:51 | Create | Villager (Male) |
| 27:33 | Create | Villager (Male) |
| 28:10 | Create | Knight |
| 28:10 | Create | Knight ×2 |
| 28:11 | Create | Knight |
| 28:13 | Create | Villager (Male) |
| 28:25 | Create | Villager (Male) |
| 28:30 | Build | Dock |
| 28:48 | Create | Villager (Male) |
| 29:05 | Create | Villager (Male) |
| 29:14 | Create | Demolition Raft |
| 29:14 | Create | Demolition Raft |
| 29:31 | Build | Lumber Camp |
| 29:33 | Create | Villager (Male) |
| 29:34 | Create | Villager (Male) |
| 29:55 | Create | Villager (Male) |
| 30:17 | Create | Villager (Male) |
| 30:17 | Create | Villager (Male) |
| 30:20 | Create | Villager (Male) |
Build order — Bohnski
First 150 of 219 actions detected
| 0:01 | Create | Villager (Male) |
| 0:01 | Create | Villager (Male) |
| 0:02 | Create | Villager (Male) |
| 0:04 | Build | House |
| 0:07 | Create | Villager (Male) |
| 0:07 | Create | Villager (Male) |
| 1:33 | Create | Villager (Male) |
| 1:33 | Create | Villager (Male) |
| 1:52 | Create | Villager (Male) |
| 1:57 | Create | Villager (Male) |
| 1:58 | Create | Villager (Male) |
| 2:14 | Build | House |
| 2:16 | Build | House |
| 2:44 | Create | Villager (Male) |
| 2:44 | Create | Villager (Male) |
| 2:45 | Create | Villager (Male) |
| 3:13 | Create | Villager (Male) |
| 3:14 | Create | Villager (Male) |
| 3:14 | Create | Villager (Male) |
| 3:41 | Create | Villager (Male) |
| 3:44 | Build | Lumber Camp |
| 3:53 | Create | Villager (Male) |
| 4:00 | Build | House |
| 4:17 | Create | Villager (Male) |
| 4:18 | Create | Villager (Male) |
| 4:35 | Create | Villager (Male) |
| 4:42 | Create | Villager (Male) |
| 4:42 | Create | Villager (Male) |
| 5:45 | Build | Mill |
| 6:10 | Research | Loom |
| 6:32 | Create | Villager (Male) |
| 7:06 | Research | Feudal Age |
| 7:07 | Research | Feudal Age |
| 7:47 | Build | Barracks |
| 8:14 | Create | Villager (Male) |
| 8:20 | Build | Lumber Camp |
| 8:59 | Build | Lumber Camp |
| 9:07 | Research | Loom |
| 9:09 | Create | Villager (Male) |
| 9:16 | Age | Feudal Age |
| 9:18 | Build | Stable |
| 9:23 | Research | Double-Bit Axe |
| 9:27 | Create | Villager (Male) |
| 9:41 | Create | Villager (Male) |
| 9:55 | Build | House |
| 9:58 | Create | Scout Cavalry |
| 9:58 | Create | Scout Cavalry |
| 10:06 | Build | House |
| 10:08 | Create | Scout Cavalry |
| 10:18 | Create | Villager (Male) |
| 10:18 | Create | Villager (Male) |
| 10:24 | Build | Mill |
| 10:42 | Create | Scout Cavalry |
| 10:42 | Create | Scout Cavalry |
| 10:47 | Research | Loom |
| 10:54 | Build | House |
| 11:05 | Create | Villager (Male) |
| 11:19 | Create | Scout Cavalry |
| 12:09 | Create | Villager (Male) |
| 12:09 | Create | Villager (Male) |
| 12:11 | Research | Horse Collar |
| 12:11 | Research | Horse Collar |
| 12:18 | Create | Scout Cavalry |
| 12:25 | Build | Farm |
| 12:25 | Build | Farm |
| 12:26 | Build | Farm |
| 12:26 | Build | Farm |
| 12:28 | Build | Farm |
| 12:28 | Build | Farm |
| 12:28 | Build | Farm |
| 12:38 | Create | Scout Cavalry |
| 12:46 | Create | Villager (Male) |
| 12:48 | Build | House |
| 13:03 | Create | Villager (Male) |
| 13:12 | Create | Spearman |
| 13:30 | Create | Villager (Male) |
| 13:32 | Create | Scout Cavalry |
| 13:46 | Create | Villager (Male) |
| 13:50 | Build | Farm |
| 14:07 | Create | Villager (Male) |
| 14:09 | Build | Stable |
| 14:15 | Build | Blacksmith |
| 14:17 | Create | Villager (Male) |
| 14:19 | Build | Farm |
| 14:20 | Build | Farm |
| 14:22 | Create | Scout Cavalry |
| 14:35 | Create | Scout Cavalry |
| 14:43 | Build | Farm |
| 15:06 | Build | Farm |
| 15:18 | Create | Villager (Male) |
| 15:19 | Create | Scout Cavalry |
| 15:20 | Create | Scout Cavalry |
| 15:21 | Create | Scout Cavalry |
| 15:37 | Build | Farm |
| 15:38 | Create | Villager (Male) |
| 15:55 | Create | Villager (Male) |
| 15:57 | Create | Scout Cavalry |
| 15:57 | Create | Scout Cavalry |
| 16:00 | Build | House |
| 16:01 | Build | House |
| 16:32 | Research | Scale Barding Armor |
| 16:32 | Research | Scale Barding Armor |
| 17:07 | Research | Forging |
| 17:08 | Research | Forging |
| 17:21 | Build | House |
| 17:43 | Create | Scout Cavalry |
| 17:44 | Create | Scout Cavalry |
| 17:44 | Create | Scout Cavalry |
| 17:55 | Create | Villager (Male) |
| 17:56 | Create | Villager (Male) |
| 17:59 | Create | Villager (Male) |
| 18:06 | Create | Villager (Male) |
| 18:12 | Build | Lumber Camp |
| 18:24 | Create | Villager (Male) |
| 19:03 | Create | Villager (Male) |
| 19:27 | Build | Mining Camp |
| 19:28 | Create | Villager (Male) |
| 19:45 | Create | Spearman |
| 19:45 | Create | Militia |
| 19:48 | Create | Spearman |
| 19:51 | Create | Scout Cavalry |
| 19:51 | Create | Scout Cavalry |
| 20:08 | Research | Bloodlines |
| 20:08 | Research | Bloodlines |
| 20:09 | Create | Scout Cavalry |
| 20:31 | Create | Scout Cavalry |
| 20:31 | Create | Scout Cavalry |
| 20:32 | Create | Scout Cavalry |
| 20:48 | Build | Farm |
| 20:53 | Create | Villager (Male) |
| 20:54 | Create | Villager (Male) |
| 20:55 | Create | Spearman |
| 21:10 | Create | Scout Cavalry |
| 21:23 | Research | Wheelbarrow |
| 21:23 | Research | Wheelbarrow |
| 21:25 | Build | Farm |
| 21:28 | Build | Farm |
| 21:43 | Build | Lumber Camp |
| 21:48 | Create | Scout Cavalry |
| 21:48 | Create | Scout Cavalry |
| 21:52 | Build | Farm |
| 21:54 | Create | Villager (Male) |
| 21:57 | Build | House |
| 21:58 | Build | House |
| 22:31 | Create | Scout Cavalry |
| 22:31 | Create | Scout Cavalry |
| 22:31 | Create | Scout Cavalry |
| 22:37 | Build | Mill |
| 22:38 | Build | Farm |
| 22:38 | Build | Farm |
Build order — VIT | Hera
First 150 of 360 actions detected
| 0:00 | Create | Villager (Male) |
| 0:01 | Create | Villager (Male) |
| 0:01 | Create | Villager (Male) |
| 0:02 | Build | House |
| 0:03 | Build | House |
| 0:16 | Create | Villager (Male) |
| 0:16 | Create | Villager (Male) |
| 1:31 | Create | Villager (Male) |
| 1:31 | Create | Villager (Male) |
| 1:58 | Create | Villager (Male) |
| 1:58 | Create | Villager (Male) |
| 2:22 | Create | Villager (Male) |
| 2:22 | Create | Villager (Male) |
| 2:45 | Build | Lumber Camp |
| 2:49 | Create | Villager (Male) |
| 2:50 | Create | Villager (Male) |
| 2:50 | Create | Villager (Male) |
| 3:24 | Create | Villager (Male) |
| 3:37 | Create | Villager (Male) |
| 3:37 | Create | Villager (Male) |
| 4:01 | Build | House |
| 4:03 | Build | House |
| 4:18 | Create | Villager (Male) |
| 4:18 | Create | Villager (Male) |
| 4:19 | Create | Villager (Male) |
| 4:52 | Create | Villager (Male) |
| 4:52 | Create | Villager (Male) |
| 5:00 | Build | Palisade Wall |
| 5:15 | Build | House |
| 5:38 | Build | Mill |
| 6:15 | Create | Villager (Male) |
| 6:40 | Research | Feudal Age |
| 6:41 | Research | Feudal Age |
| 7:04 | Build | Lumber Camp |
| 7:56 | Build | Barracks |
| 8:50 | Create | Villager (Male) |
| 8:51 | Age | Feudal Age |
| 8:54 | Build | Archery Range |
| 8:58 | Build | Archery Range |
| 9:08 | Research | Double-Bit Axe |
| 9:09 | Research | Double-Bit Axe |
| 9:09 | Research | Double-Bit Axe |
| 9:17 | Research | Loom |
| 9:17 | Research | Loom |
| 9:18 | Create | Villager (Male) |
| 9:30 | Build | Mining Camp |
| 9:46 | Build | House |
| 9:46 | Build | House |
| 9:48 | Create | Archer |
| 9:52 | Create | Archer |
| 9:52 | Create | Archer |
| 9:59 | Create | Villager (Male) |
| 9:59 | Create | Villager (Male) |
| 10:26 | Create | Archer |
| 10:26 | Create | Archer |
| 10:27 | Create | Villager (Male) |
| 10:27 | Create | Villager (Male) |
| 10:45 | Build | House |
| 10:47 | Create | Archer |
| 10:48 | Create | Archer |
| 10:50 | Build | Blacksmith |
| 11:08 | Create | Archer |
| 11:08 | Create | Archer |
| 11:13 | Build | House |
| 11:14 | Build | House |
| 11:15 | Build | House |
| 11:17 | Create | Archer |
| 11:17 | Create | Villager (Male) |
| 11:17 | Create | Villager (Male) |
| 11:44 | Research | Fletching |
| 11:56 | Create | Archer |
| 11:56 | Create | Archer |
| 12:09 | Create | Villager (Male) |
| 12:14 | Build | Mill |
| 12:21 | Create | Archer |
| 12:21 | Create | Archer |
| 12:34 | Create | Villager (Male) |
| 12:34 | Create | Villager (Male) |
| 12:36 | Create | Archer |
| 12:36 | Create | Archer |
| 13:04 | Create | Villager (Male) |
| 13:12 | Create | Archer |
| 13:22 | Create | Archer |
| 13:23 | Create | Villager (Male) |
| 13:26 | Build | Market |
| 13:40 | Create | Villager (Male) |
| 13:41 | Create | Villager (Male) |
| 13:46 | Create | Archer |
| 13:47 | Create | Archer |
| 13:47 | Create | Archer |
| 13:50 | Build | Lumber Camp |
| 14:07 | Build | House |
| 14:13 | Create | Villager (Male) |
| 14:29 | Create | Archer |
| 14:31 | Research | Town Watch |
| 14:31 | Create | Villager (Male) |
| 14:38 | Create | Villager (Male) |
| 14:47 | Create | Archer |
| 14:47 | Create | Archer |
| 15:26 | Create | Archer |
| 15:30 | Create | Villager (Male) |
| 15:37 | Build | Farm |
| 15:38 | Build | Farm |
| 15:40 | Build | Farm |
| 15:42 | Create | Archer |
| 15:42 | Create | Archer |
| 15:43 | Create | Archer |
| 15:46 | Build | Farm |
| 16:03 | Build | House |
| 16:11 | Create | Archer |
| 16:20 | Create | Villager (Male) |
| 16:46 | Create | Villager (Male) |
| 16:52 | Create | Archer |
| 16:52 | Create | Archer |
| 16:54 | Create | Villager (Male) |
| 17:02 | Create | Villager (Male) |
| 17:16 | Create | Villager (Male) |
| 17:20 | Create | Villager (Male) |
| 17:20 | Create | Archer |
| 17:35 | Build | Farm |
| 17:35 | Build | Farm |
| 17:36 | Build | Farm |
| 18:03 | Build | Mining Camp |
| 18:06 | Research | Castle Age |
| 18:06 | Research | Castle Age |
| 18:14 | Build | House |
| 18:14 | Build | House |
| 18:31 | Research | Gold Mining |
| 18:31 | Research | Gold Mining |
| 18:32 | Create | Archer |
| 18:33 | Create | Archer |
| 18:42 | Create | Archer |
| 18:42 | Create | Archer |
| 18:53 | Create | Villager (Male) |
| 18:55 | Create | Archer |
| 18:56 | Create | Archer |
| 19:05 | Research | Padded Archer Armor |
| 19:27 | Build | House |
| 19:31 | Create | Archer |
| 19:56 | Create | Archer |
| 19:58 | Create | Archer |
| 20:44 | Create | Villager (Male) |
| 20:46 | Age | Castle Age |
| 20:48 | Research | Crossbowman (upgrade) |
| 20:48 | Research | Crossbowman (upgrade) |
| 20:48 | Research | Bodkin Arrow |
| 20:49 | Research | Bodkin Arrow |
| 20:52 | Build | University |
| 21:01 | Build | Lumber Camp |
| 21:08 | Research | Bow Saw |
Build order — Rex Caedis
First 150 of 320 actions detected
| 0:01 | Create | Villager (Male) |
| 0:02 | Build | House |
| 0:03 | Build | House |
| 0:06 | Create | Villager (Male) |
| 0:06 | Create | Villager (Male) |
| 0:08 | Create | Villager (Male) |
| 0:08 | Create | Villager (Male) |
| 1:45 | Create | Villager (Male) |
| 2:07 | Research | Loom |
| 2:25 | Create | Villager (Male) |
| 2:25 | Create | Villager (Male) |
| 2:58 | Create | Villager (Male) |
| 2:58 | Create | Villager (Male) |
| 2:59 | Create | Villager (Male) |
| 3:11 | Create | Villager (Male) |
| 3:17 | Build | Lumber Camp |
| 3:48 | Create | Villager (Male) |
| 3:52 | Create | Villager (Male) |
| 4:10 | Build | House |
| 4:23 | Create | Villager (Male) |
| 4:35 | Create | Villager (Male) |
| 4:35 | Create | Villager (Male) |
| 4:39 | Create | Villager (Male) |
| 4:39 | Create | Villager (Male) |
| 4:44 | Build | House |
| 4:52 | Create | Villager (Male) |
| 6:02 | Build | Mill |
| 6:31 | Create | Villager (Male) |
| 6:46 | Build | Mill |
| 6:51 | Create | Villager (Male) |
| 7:22 | Create | Villager (Male) |
| 7:40 | Create | Villager (Male) |
| 7:42 | Build | House |
| 8:12 | Create | Villager (Male) |
| 8:14 | Build | Palisade Wall |
| 8:20 | Build | Palisade Wall |
| 8:23 | Build | Palisade Wall |
| 8:24 | Build | Palisade Wall |
| 8:25 | Create | Villager (Male) |
| 9:00 | Create | Villager (Male) |
| 9:08 | Research | Feudal Age |
| 9:26 | Build | Lumber Camp |
| 9:53 | Build | Mining Camp |
| 10:06 | Create | Villager (Male) |
| 10:07 | Create | Villager (Male) |
| 10:16 | Build | Palisade Wall |
| 10:17 | Build | Palisade Wall |
| 10:17 | Build | Palisade Wall |
| 10:22 | Build | Palisade Wall |
| 10:23 | Build | Palisade Wall |
| 10:24 | Build | Palisade Wall |
| 10:27 | Build | Palisade Wall |
| 10:28 | Build | Palisade Wall |
| 11:26 | Age | Feudal Age |
| 11:34 | Build | Market |
| 11:58 | Create | Villager (Male) |
| 12:06 | Build | Blacksmith |
| 12:32 | Research | Castle Age |
| 12:42 | Research | Double-Bit Axe |
| 13:02 | Build | Palisade Wall |
| 13:12 | Build | House |
| 13:34 | Build | House |
| 13:41 | Create | Villager (Male) |
| 13:52 | Build | Barracks |
| 14:10 | Build | Palisade Wall |
| 14:13 | Build | Palisade Wall |
| 14:39 | Build | Watch Tower |
| 14:43 | Build | House |
| 14:45 | Build | House |
| 14:46 | Create | Villager (Male) |
| 14:49 | Build | Palisade Wall |
| 14:50 | Build | Palisade Wall |
| 14:52 | Build | Palisade Wall |
| 14:54 | Build | Palisade Wall |
| 15:16 | Build | Archery Range |
| 15:18 | Research | Fletching |
| 15:21 | Age | Castle Age |
| 15:37 | Create | Villager (Male) |
| 15:48 | Create | Villager (Male) |
| 15:51 | Research | Bodkin Arrow |
| 16:08 | Create | Archer |
| 16:09 | Research | Padded Archer Armor |
| 16:22 | Build | Palisade Wall |
| 16:34 | Build | Archery Range |
| 16:38 | Research | Crossbowman (upgrade) |
| 16:55 | Create | Villager (Male) |
| 17:09 | Create | Villager (Male) |
| 17:11 | Create | Archer |
| 17:20 | Create | Archer |
| 17:22 | Create | Archer |
| 17:31 | Create | Archer |
| 17:31 | Create | Villager (Male) |
| 17:48 | Create | Archer |
| 17:59 | Research | Gold Mining |
| 18:03 | Create | Archer |
| 18:07 | Create | Villager (Male) |
| 18:09 | Create | Archer |
| 18:20 | Create | Archer |
| 18:20 | Create | Archer |
| 18:31 | Build | Town Center |
| 18:40 | Create | Villager (Male) |
| 18:54 | Build | Farm |
| 19:06 | Create | Archer |
| 19:06 | Create | Villager (Male) |
| 19:23 | Create | Villager (Male) |
| 19:26 | Build | House |
| 19:28 | Create | Archer |
| 19:28 | Create | Archer |
| 19:59 | Create | Archer |
| 19:59 | Create | Archer |
| 20:19 | Create | Archer |
| 20:19 | Create | Archer |
| 20:19 | Create | Villager (Male) |
| 20:27 | Build | University |
| 20:46 | Create | Villager (Male) |
| 20:51 | Build | Farm |
| 20:57 | Create | Archer |
| 20:57 | Create | Archer |
| 21:08 | Research | Horse Collar |
| 21:08 | Research | Horse Collar |
| 21:14 | Create | Villager (Male) |
| 21:16 | Build | Farm |
| 21:18 | Build | Farm |
| 21:18 | Create | Villager (Male) |
| 21:19 | Build | House |
| 21:20 | Build | House |
| 21:23 | Create | Archer |
| 21:33 | Create | Archer |
| 21:33 | Create | Archer |
| 21:37 | Create | Archer |
| 21:44 | Build | House |
| 21:52 | Create | Archer |
| 22:04 | Research | Ballistics |
| 22:06 | Create | Villager (Male) |
| 22:19 | Create | Archer |
| 22:25 | Create | Archer |
| 22:25 | Create | Villager (Male) |
| 22:52 | Create | Villager (Male) |
| 23:05 | Create | Archer |
| 23:05 | Create | Archer |
| 23:09 | Create | Archer |
| 23:18 | Create | Archer |
| 23:19 | Create | Villager (Male) |
| 23:30 | Create | Archer |
| 23:44 | Create | Villager (Male) |
| 24:08 | Build | Archery Range |
| 24:11 | Build | Lumber Camp |
| 24:15 | Create | Archer |
| 24:15 | Create | Archer |
| 24:16 | Create | Villager (Male) |
Match timeline
| 3:15 | Elite Rizz Master · wall_segment Palisade Wall x1 |
| 3:16 | Elite Rizz Master · wall_segment Palisade Wall x1 |
| 5:00 | VIT | Hera · wall_segment Palisade Wall x1 |
| 6:18 | RIBBEN · first_building Barracks |
| 7:14 | chambritas · wall_segment Palisade Wall x1 |
| 7:18 | Elite Rizz Master · first_building Barracks |
| 7:37 | Elite Rizz Master · wall_segment Palisade Wall x3 |
| 7:47 | Bohnski · first_building Barracks |
| 7:49 | chambritas · first_building Barracks |
| 7:56 | VIT | Hera · first_building Barracks |
| 7:57 | Vpnenjoyer · first_building Barracks |
| 8:14 | Rex Caedis · wall_segment Palisade Wall x1 |
| 8:20 | Rex Caedis · wall_segment Palisade Wall x1 |
| 8:23 | Rex Caedis · wall_segment Palisade Wall x1 |
| 8:24 | Rex Caedis · wall_segment Palisade Wall x1 |
| 8:28 | Elite Rizz Master · wall_segment Palisade Wall x1 |
| 8:35 | skynet3397 · first_building Barracks |
| 8:51 | VIT | Hera · age_up feudal |
| 8:52 | Vpnenjoyer · age_up feudal |
| 8:54 | Vpnenjoyer · first_building Stable |
| 8:54 | VIT | Hera · first_building Archery Range |
| 9:06 | chambritas · age_up feudal |
| 9:08 | chambritas · first_building Archery Range |
| 9:09 | RIBBEN · wall_segment Palisade Wall x7 |
| 9:16 | Bohnski · age_up feudal |
| 9:18 | Bohnski · first_building Stable |
| 10:00 | Elite Rizz Master · wall_segment Palisade Wall x1 |
| 10:00 | Elite Rizz Master · wall_segment Palisade Wall x1 |
| 10:02 | Elite Rizz Master · wall_segment Palisade Wall x5 |
| 10:05 | RIBBEN · wall_segment Palisade Wall x4 |
| 10:06 | skynet3397 · age_up feudal |
| 10:08 | skynet3397 · first_building Stable |
| 10:09 | Elite Rizz Master · age_up feudal |
| 10:16 | Rex Caedis · wall_segment Palisade Wall x1 |
| 10:17 | Rex Caedis · wall_segment Palisade Wall x1 |
| 10:17 | Rex Caedis · wall_segment Palisade Wall x1 |
| 10:22 | Rex Caedis · wall_segment Palisade Wall x1 |
| 10:23 | Rex Caedis · wall_segment Palisade Wall x1 |
| 10:24 | Rex Caedis · wall_segment Palisade Wall x1 |
| 10:27 | Rex Caedis · wall_segment Palisade Wall x1 |
| 10:28 | Rex Caedis · wall_segment Palisade Wall x1 |
| 10:39 | RIBBEN · age_up feudal |
| 10:48 | Elite Rizz Master · first_building Stable |
| 10:52 | skynet3397 · wall_segment Palisade Wall x7 |
| 11:03 | skynet3397 · wall_segment Palisade Wall x1 |
| 11:06 | Elite Rizz Master · wall_segment Palisade Wall x3 |
| 11:07 | skynet3397 · wall_segment Palisade Wall x1 |
| 11:11 | skynet3397 · wall_segment Palisade Wall x1 |
| 11:26 | Rex Caedis · age_up feudal |
| 12:54 | skynet3397 · wall_segment Palisade Wall x1 |
| 13:02 | Rex Caedis · wall_segment Palisade Wall x9 |
| 13:06 | RIBBEN · wall_segment Palisade Wall x4 |
| 13:24 | skynet3397 · wall_segment Palisade Wall x1 |
| 13:25 | skynet3397 · wall_segment Palisade Wall x1 |
| 13:26 | skynet3397 · wall_segment Palisade Wall x1 |
| 13:27 | skynet3397 · wall_segment Palisade Wall x1 |
| 13:49 | RIBBEN · wall_segment Palisade Wall x12 |
| 13:52 | Rex Caedis · first_building Barracks |
| 14:10 | Rex Caedis · wall_segment Palisade Wall x1 |
| 14:13 | Rex Caedis · wall_segment Palisade Wall x12 |
| 14:47 | chambritas · wall_segment Palisade Wall x9 |
| 14:49 | Rex Caedis · wall_segment Palisade Wall x1 |
| 14:50 | Rex Caedis · wall_segment Palisade Wall x1 |
| 14:52 | Rex Caedis · wall_segment Palisade Wall x1 |
| 14:54 | Rex Caedis · wall_segment Palisade Wall x1 |
| 15:16 | Rex Caedis · first_building Archery Range |
| 15:21 | Rex Caedis · age_up castle |
| 16:17 | skynet3397 · wall_segment Palisade Wall x1 |
| 16:18 | skynet3397 · wall_segment Palisade Wall x1 |
| 16:20 | skynet3397 · wall_segment Palisade Wall x1 |
| 16:21 | skynet3397 · wall_segment Palisade Wall x1 |
| 16:22 | Rex Caedis · wall_segment Palisade Wall x1 |
| 16:23 | skynet3397 · wall_segment Palisade Wall x1 |
| 16:25 | skynet3397 · wall_segment Palisade Wall x1 |
| 16:25 | skynet3397 · wall_segment Palisade Wall x1 |
| 17:53 | VIT | Hera · first_market_sell 500 stone |
| 17:54 | VIT | Hera · first_market_buy 100 food |
| 18:09 | RIBBEN · wall_segment Stone Wall x10 |
| 18:26 | skynet3397 · wall_segment Palisade Wall x4 |
| 18:29 | skynet3397 · wall_segment Palisade Wall x3 |
| 18:30 | skynet3397 · wall_segment Palisade Wall x1 |
| 18:32 | skynet3397 · wall_segment Palisade Wall x1 |
| 18:32 | chambritas · wall_segment Palisade Wall x1 |
| 18:38 | chambritas · wall_segment Palisade Wall x1 |
| 18:39 | chambritas · wall_segment Palisade Wall x1 |
| 18:40 | chambritas · wall_segment Palisade Wall x1 |
| 18:41 | chambritas · wall_segment Palisade Wall x1 |
| 18:42 | chambritas · wall_segment Palisade Wall x1 |
| 18:44 | chambritas · wall_segment Palisade Wall x1 |
| 18:46 | chambritas · wall_segment Palisade Wall x1 |
| 18:53 | chambritas · wall_segment Palisade Wall x1 |
| 18:54 | chambritas · wall_segment Palisade Wall x1 |
| 18:55 | chambritas · wall_segment Palisade Wall x1 |
| 18:56 | chambritas · wall_segment Palisade Wall x1 |
| 18:57 | chambritas · wall_segment Palisade Wall x1 |
| 18:59 | skynet3397 · wall_segment Palisade Wall x1 |
| 19:00 | skynet3397 · wall_segment Palisade Wall x1 |
| 19:04 | RIBBEN · wall_segment Stone Wall x9 |
| 19:04 | skynet3397 · wall_segment Palisade Wall x1 |
| 19:05 | RIBBEN · wall_segment Stone Wall x8 |
| 19:13 | RIBBEN · wall_segment Stone Wall x4 |
| 19:18 | RIBBEN · wall_segment Stone Wall x1 |
| 19:22 | chambritas · first_market_buy 100 food |
| 19:30 | skynet3397 · wall_segment Palisade Wall x1 |
| 19:38 | skynet3397 · wall_segment Palisade Wall x1 |
| 20:23 | Vpnenjoyer · age_up castle |
| 20:46 | VIT | Hera · age_up castle |
| 20:48 | RIBBEN · wall_segment Stone Wall x5 |
| 20:51 | chambritas · wall_segment Palisade Wall x8 |
| 21:08 | Rex Caedis · first_market_buy 100 food |
| 21:51 | chambritas · wall_segment Palisade Wall x1 |
| 22:04 | RIBBEN · wall_segment Stone Wall x16 |
| 22:36 | Vpnenjoyer · wall_segment Palisade Wall x1 |
| 22:53 | RIBBEN · wall_segment Stone Wall x14 |
| 22:55 | chambritas · age_up castle |
| 23:03 | chambritas · first_market_sell 100 food |
| 23:14 | chambritas · first_building Siege Workshop |
| 23:49 | Elite Rizz Master · first_market_buy 100 food |
| 24:06 | chambritas · wall_segment Palisade Wall x1 |
| 24:11 | RIBBEN · wall_segment Stone Wall x1 |
| 24:11 | skynet3397 · age_up castle |
| 25:20 | Rex Caedis · wall_segment Stone Wall x1 |
| 25:21 | Rex Caedis · wall_segment Stone Wall x1 |
| 25:21 | Rex Caedis · wall_segment Stone Wall x2 |
| 25:22 | Rex Caedis · wall_segment Stone Wall x6 |
| 25:26 | RIBBEN · wall_segment Stone Wall x5 |
| 25:28 | Elite Rizz Master · age_up castle |
| 25:41 | RIBBEN · wall_segment Stone Wall x1 |
| 25:41 | RIBBEN · wall_segment Stone Wall x1 |
| 25:42 | RIBBEN · wall_segment Stone Wall x1 |
| 25:42 | RIBBEN · wall_segment Palisade Wall x1 |
| 25:44 | RIBBEN · wall_segment Stone Wall x1 |
| 25:45 | RIBBEN · wall_segment Stone Wall x1 |
| 25:46 | RIBBEN · wall_segment Stone Wall x1 |
| 25:46 | RIBBEN · wall_segment Stone Wall x1 |
| 25:49 | Vpnenjoyer · first_market_buy 100 stone |
| 25:55 | Bohnski · first_market_buy 100 food |
| 25:57 | Elite Rizz Master · wall_segment Palisade Wall x1 |
| 26:53 | Rex Caedis · wall_segment Stone Wall x1 |
| 27:12 | RIBBEN · wall_segment Stone Wall x6 |
| 27:19 | VIT | Hera · tribute_sent a jugador 1 |
| 27:19 | VIT | Hera · tribute_sent a jugador 2 |
| 27:19 | VIT | Hera · tribute_sent a jugador 3 |
| 27:19 | VIT | Hera · tribute_sent a jugador 4 |
| 27:19 | VIT | Hera · tribute_sent a jugador 5 |
| 27:19 | VIT | Hera · tribute_sent a jugador 6 |
| 27:19 | VIT | Hera · tribute_sent a jugador 8 |
| 28:26 | skynet3397 · wall_segment Palisade Wall x1 |
| 28:27 | skynet3397 · wall_segment Palisade Wall x1 |
| 28:30 | Elite Rizz Master · first_building Dock |
| 29:08 | Bohnski · age_up castle |
| 29:09 | Vpnenjoyer · first_building Castle |
| 29:25 | chambritas · wall_segment Palisade Wall x1 |
| 29:27 | chambritas · wall_segment Palisade Wall x1 |
| 29:29 | chambritas · wall_segment Palisade Wall x2 |
| 29:32 | chambritas · wall_segment Palisade Wall x1 |
| 29:36 | chambritas · wall_segment Palisade Wall x1 |
| 31:20 | Bohnski · first_market_sell 500 wood |
| 32:04 | RIBBEN · wall_segment Stone Wall x11 |
| 32:29 | skynet3397 · first_building Monastery |
| 33:40 | RIBBEN · tribute_sent a jugador 1 |
| 33:40 | RIBBEN · tribute_sent a jugador 3 |
| 33:40 | RIBBEN · tribute_sent a jugador 4 |
| 33:40 | RIBBEN · tribute_sent a jugador 5 |
| 33:40 | RIBBEN · tribute_sent a jugador 6 |
| 33:40 | RIBBEN · tribute_sent a jugador 7 |
| 33:40 | RIBBEN · tribute_sent a jugador 8 |
| 34:03 | RIBBEN · wall_segment Palisade Wall x5 |
| 34:24 | VIT | Hera · first_building Monastery |
| 34:32 | Vpnenjoyer · first_building Monastery |
| 35:05 | VIT | Hera · first_building Castle |
| 35:52 | skynet3397 · first_building Castle |
| 36:11 | Rex Caedis · first_market_sell 100 food |
| 36:25 | RIBBEN · resign |
[ AI ANALYSIS · 1 CREDIT ]
What really happened in this match?
Wolo.gg analyzes every decision: build order, eco, micro, common mistakes by bracket. Personalized analysis on WhatsApp or Discord in 30 seconds.
Civ guide
Hindustanis
Perfil
Jugador #4796235